[Event "*** Titled Tuesday Blitz"]
[Site "Chess.com"]
[Date "2020.11.24"]
[Round "10"]
[White "vovachesss"]
[Black "woodhy"]
[Result "1-0"]
[WhiteElo "2664"]
[BlackElo "2459"]
[TimeControl "180+1"]
[EndTime "12:14:24 PST"]
[Termination "vovachesss won by resignation"]

1. e4 e6 2. Qe2 Be7 3. Nf3 Nf6 4. e5 Nd5 5. g3 c5 6. Bg2 Nc6 7. O-O b6 8. c3 Bb7 9. d4 cxd4 10. cxd4 Ncb4 11.
Rd1 Rc8 12. a3 Ba6 13. Qe4 f5 14. exf6 Nxf6 15. Qh4 Be2 16. Re1 Bxf3 17. axb4 Bxg2 18. Kxg2 O-O 19. Rxa7 Nd5 20. Qe4 Bxb4 21. Bd2 Bxd2 22. Nxd2 Qf6 23. Nf3 Rc7 24. Rxc7 Nxc7 25. Re2 Nd5 26. Ne5 Rd8 27. Rc2 h6 28. h4 b5 29.
h5 b4 30. Ng6 Qg5 31. Rc5 Qxh5 32. Ne7+ Kh8 33. Nxd5 exd5 34. Rxd5 Qf7 35. Rf5 Qe6 36. Re5 Qf7 37. Re7 Qf6 38. b3 d5 39. Qe5 Qxe5 40. dxe5 d4 41. Kf1 d3 42. Ke1 d2+ 43. Kd1 Rd3 44. e6 Kh7 45. Rd7 Rc3 46. e7 Rc1+ 47. Kxd2 Rc8 48. Rd8 Rc5 49. e8=Q 1-0

[Event "*** Titled Tuesday Blitz"]
[Site "Chess.com"]
[Date "2020.11.24"]
[Round "10"]
[White "bazar-wokzal"]
[Black "Zarikovs1999"]
[Result "1-0"]
[WhiteElo "2530"]
[BlackElo "2392"]
[TimeControl "180+1"]
[EndTime "12:14:24 PST"]
[Termination "bazar-wokzal won by resignation"]

1. e4 c5 2. c3 Nf6 3. e5 Nd5 4. d4 cxd4 5. cxd4 d6 6. Bc4 Nb6 7. Bb3 dxe5 8. Qh5 e6 9. dxe5 Nc6 10. Nc3 g6 11. Qg5 Qxg5 12. Bxg5 Be7 13. Bxe7 Kxe7 14. f4 g5 15. fxg5 Nxe5 16. O-O-O h6 17. gxh6 Rxh6 18.
Nge2 Bd7 19. Nd4 Ng4 20. Rde1 Rxh2 21. Rxh2 Nxh2 22. Bd1 Rg8 23. Nf5+ Kf6 24. Ne3 e5 25. Rh1 Ng4 26. Bxg4 Bxg4 27. Rh6+ Kg5 28. Nxg4 Kxg4 29. Rh7 Rf8 30. Nb5 f5 31. Rxb7 f4 32. Nxa7 Kg3 33. Rxb6 Kxg2 34. Rg6+ Kf3 35. Nc6 e4 36. Ne5+ Ke2 37.
Rg4 Rf5 38. Ng6 f3 39. Rxe4+ Kd3 40. Rf4 Rxf4 41. Nxf4+ Ke3 42. Nh3 Ke2 43. b4 Kf1 44. b5 Kg2 45. Nf4+ Kg3 46. Nd3 1-0

[Event "*** Titled Tuesday Blitz"]
[Site "Chess.com"]
[Date "2020.11.24"]
[Round "10"]
[White "JiiHart"]
[Black "FMalexhdez"]
[Result "1-0"]
[WhiteElo "2097"]
[BlackElo "2267"]
[TimeControl "180+1"]
[EndTime "12:14:26 PST"]
[Termination "JiiHart won on time"]

1. e4 c5 2. Nf3 d6 3. d4 cxd4 4. Nxd4 Nf6 5. Nc3 a6 6. Bg5 e6 7. f4 Be7 8. Qf3 Nbd7 9. O-O-O h6 10. Bh4 Qc7 11. Bd3 g5 12. fxg5 Ne5 13. Qe2 Nfg4 14. Kb1 hxg5 15. Bg3 Nxd3 16. cxd3 Ne5 17. Rc1 Qb6 18.
Bf2 Qa5 19. Nb3 Qb4 20. d4 Nc4 21. d5 b5 22. dxe6 Bxe6 23. Nd5 Bxd5 24. exd5 Kd8 25.
Bd4 Re8 26. Bc3 Qa4 27. Rhe1 Rc8 28. Bf6 Rc7 29. Nd4 Ne5 30. Bxe7+ Rexe7 31. Rxc7 Rxc7 32. Nc6+ Kc8 33. Nxe5 dxe5 34. Rc1 Rxc1+ 35. Kxc1 Qc4+ 36. Qxc4+ bxc4 37. Kc2 Kd7 38. Kc3 e4 39. Kxc4 Kd6 40.
Kd4 f5 41. g3 a5 42. b3 Ke7 43. a3 Kd6 44. b4 a4 45. b5 Kc7 46. h4 f4 47.
gxf4 gxh4 48. Kxe4 1-0

[Event "*** Titled Tuesday Blitz"]
[Site "Chess.com"]
[Date "2020.11.24"]
[Round "10"]
[White "dretch"]
[Black "Grandelicious"]
[Result "1-0"]
[WhiteElo "2826"]
[BlackElo "2845"]
[TimeControl "180+1"]
[EndTime "12:14:27 PST"]
[Termination "dretch won by resignation"]

1. d4 d5 2. c4 e6 3. Nc3 a6 4. cxd5 exd5 5. Bf4 Nf6 6. e3 c5 7. Bd3 Nc6 8. Nge2 cxd4 9. Nxd4 Nxd4 10. exd4 Bd6 11.
Bg5 Be6 12. Qf3 h6 13. Bh4 O-O 14. O-O g5 15. Bg3 Bg4 16. Qe3 Re8 17. Qc1 Rc8 18. Bxd6 Qxd6 19. f4 Ne4 20. fxg5 Nxg5 21. Qf4 Qxf4 22.
Rxf4 Be6 23. Re1 Kg7 24. Re3 Rg8 25. Rg3 Kf8 26. Kf2 Rg7 27. Rh4 Nh7 28. Rxh6 Rxg3 29. Kxg3 Ng5 30. Rh8+ Ke7 31. Nxd5+ Kd6 32. Rxc8 Bxc8 33.
Nc3 Ne6 34. Bc4 b5 35. Ne4+ Ke7 36. Bxe6 Bxe6 37. a3 Bd5 38. Nc3 Bb7 39. Kf2 Ke6 40. g4 f5 41. Kg3 Kf6 42. h4 fxg4 43. Kxg4 Bc6 44. h5 a5 45. b4 axb4 46. axb4 Be8 47. Ne4+ Ke6 48. Nc3 Kf6 49. Nd5+ Kg7 50. Kg5 1-0

[Event "*** Titled Tuesday Blitz"]
[Site "Chess.com"]
[Date "2020.11.24"]
[Round "10"]
[White "LamaChampetre"]
[Black "Triumphmate"]
[Result "1/2-1/2"]
[WhiteElo "2224"]
[BlackElo "2403"]
[TimeControl "180+1"]
[EndTime "12:14:27 PST"]
[Termination "Game drawn by repetition"]

1. d4 d5 2. c4 e6 3. Nf3 Be7 4.
g3 Nf6 5. Bg2 O-O 6. O-O dxc4 7. Ne5 c5 8. Na3 cxd4 9. Naxc4 Nc6 10.
Nxc6 bxc6 11. Bxc6 Rb8 12. Bf4 Bb7 13. Ne5 Nd5 14. Qxd4 Bf6 15. Bxb7 Rxb7 16. Rfd1 Nxf4 17. Qxf4 Qb8 18. Nd7 Qxf4 19. gxf4 Rc8 20. Nxf6+ gxf6 21. Rd2 Rc4 22. e3 f5 23. b3 Rc3 24. Rad1 Kg7 25. Kg2 a5 26. Rd4 Rc2 27. R1d2 Rxd2 28. Rxd2 a4 29. bxa4 Rb4 30. Rd4 Rb2 31. Kf3 Rxa2 32. Rb4 Kg6 33. Kg3 h5 34. h4 Ra1 35. Kf3 Rh1 36.
Kg3 Ra1 37. Kg2 Ra2 38. Kf1 Ra1+ 39. Kg2 Ra2 40. Kf3 Kf6 41. Kg3 Kg7 42. Kf3 Ra1 43. Kg2 Kf6 44. Kf3 Ke7 45. Rb7+ Kf6 46. Ra7 Kg6 47.
Kg2 f6 48. a5 e5 49. fxe5 fxe5 50. Ra6+ Kg7 51. Ra7+ Kf6 52. Ra8 Ra3 53. a6 f4 54.
exf4 exf4 55. a7 Kg7 56. Kf1 f3 57. Ke1 Ra2 58. Kd1 Kh7 59. Kc1 Kg7 60. Kb1 Ra6 61. Kb2 Ra5 62. Kb3 Ra6 63. Kb4 Ra1 64. Kc4 Ra4+ 65. Kd5 Ra5+ 66. Ke4 Ra3 67. Kf4 Kh7 68.
Kg3 Kg7 69. Kf4 Kh7 70. Kg5 Ra5+ 71. Kf4 Ra3 1/2-1/2

[Event "*** Titled Tuesday Blitz"]
[Site "Chess.com"]
[Date "2020.11.24"]
[Round "10"]
[White "MasterMK73"]
[Black "Road2GM3000"]
[Result "0-1"]
[WhiteElo "2252"]
[BlackElo "2045"]
[TimeControl "180+1"]
[EndTime "12:14:28 PST"]
[Termination "Road2GM3000 won on time"]

1. e4 c5 2. Nf3 d6 3. Bb5+ Nd7 4. O-O a6 5. Bd3 b5 6. c4 Rb8 7. Re1 Ngf6 8. Nc3 b4 9. Nd5 Nxd5 10. exd5 g6 11. Bc2 Bg7 12. d4 O-O 13. Bg5 Re8 14. Qd2 a5 15. Re2 Ba6 16. b3 cxd4 17. Rae1 Be5 18.
Nxd4 Bb7 19. Nc6 Bxc6 20. dxc6 Nc5 21. f4 Bc3 22. Qd1 Bxe1 23. Qxe1 f6 24. Bh6 Qb6 25. Kh1 e5 26. f5 g5 27. Qg3 Qc7 28. h4 g4 29. Qxg4+ Kh8 30. h5 Rg8 31. Qh4 Qf7 32. Re3 Rbc8 33. Rh3 Rxc6 34. g4 Qe7 35. Rg3 Rcc8 36.
g5 fxg5 37. Bxg5 Rxg5 38. Rxg5 Rf8 39. h6 Qf6 40. Qh5 Ne6 41. fxe6 Qxe6 42. Rg1 Qf6 43. Qh3 Qf4 44. Qh2 e4 45. Qxf4 Rxf4 46. Re1 Rh4+ 47. Kg2 Rxh6 48. Rxe4 Kg7 0-1

[Event "*** Titled Tuesday Blitz"]
[Site "Chess.com"]
[Date "2020.11.24"]
[Round "10"]
[White "Roman_Ovetchkin"]
[Black "kuban1991"]
[Result "1/2-1/2"]
[WhiteElo "2658"]
[BlackElo "2882"]
[TimeControl "180+1"]
[EndTime "12:14:29 PST"]
[Termination "Game drawn by repetition"]

1. d4 g6 2. e4 Bg7 3. Nc3 c6 4. f4 d5 5. e5 Nh6 6. Nf3 f6 7. h3 O-O 8. Be3 fxe5 9. fxe5 e6 10. Qd2 Nf7 11. Nd1 c5 12. c3 Nc6 13. Be2 Qa5 14.
a3 cxd4 15. cxd4 Qxd2+ 16. Nxd2 Bd7 17. b4 Rac8 18. Nb3 b6 19. g4 Ne7 20. Kd2 Ba4 21. Rb1 g5 22. Nc3 Bd7 23. Ba6 Rcd8 24. Nb5 Ng6 25. Rbc1 Nfxe5 26. dxe5 Nxe5 27. Ke2 h6 28.
Nxa7 Nc4 29. Bxc4 dxc4 30. Rxc4 e5 31. Rc7 Ba4 32. Nd2 Rd6 33. Rhc1 e4 34. Rb7 Bd4 35. Rcc7 Rfd8 36. Bxd4 Rxd4 37. Nf1 Bd1+ 38. Ke1 Bf3 39. Rg7+ Kf8 40. Rh7 Kg8 41. Ne3 Rd2 42. Rbg7+ Kf8 43. Rf7+ Kg8 44. Rhg7+ Kh8 45. Rh7+ Kg8 46. Rhg7+ Kh8 47.
Rh7+ Kg8 1/2-1/2

[Event "*** Titled Tuesday Blitz"]
[Site "Chess.com"]
[Date "2020.11.24"]
[Round "10"]
[White "Smirnov_Pavel"]
[Black "Oleksandr_Bortnyk"]
[Result "1-0"]
[WhiteElo "2844"]
[BlackElo "2884"]
[TimeControl "180+1"]
[EndTime "12:14:30 PST"]
[Termination "Smirnov_Pavel won on time"]

1. d4 Nf6 2. c4 b6 3. Nc3 Bb7 4.
Qc2 e6 5. e4 Bb4 6. Bd3 c5 7. a3 Ba5 8. d5 exd5 9. exd5 O-O 10. Ne2 b5 11. O-O bxc4 12. Bxc4 h6 13. Bf4 d6 14.
Rad1 Re8 15. Ng3 Nbd7 16. Nf5 Ne5 17. Bb5 Rf8 18. Rfe1 Bxc3 19. Qxc3 Nxd5 20. Rxd5 Bxd5 21. Bxe5 Qg5 22. Ne3 dxe5 23. Nxd5 e4 24. Qxc5 Kh8 25. Qd4 Rfd8 26. Bc4 Rd6 27. g3 Rad8 28. Qxe4 Qd2 29. Qe3 Rxd5 30. Bxd5 Rxd5 31. Qxd2 Rxd2 32. Re7 Rxb2 33.
Rxf7 a5 34. Rf5 a4 35. Rf4 Rb1+ 36. Kg2 Ra1 37. Rxa4 Ra2 38. Ra8+ Kh7 39. a4 Kg6 40. a5 h5 41. a6 Ra3 42. h3 Kh7 43. f4 Kg6 44. a7 Ra2+ 45. Kf3 Ra3+ 46. Ke4 Ra4+ 47. Kd5 Ra1 48. g4 hxg4 49. hxg4 Ra2 50. f5+ Kf7 51.
g5 Ra5+ 52. Kc6 Ra1 53. g6+ Ke7 54. Rg8 1-0

[Event "*** Titled Tuesday Blitz"]
[Site "Chess.com"]
[Date "2020.11.24"]
[Round "10"]
[White "Skat2704"]
[Black "zverr1"]
[Result "0-1"]
[WhiteElo "2375"]
[BlackElo "2513"]
[TimeControl "180+1"]
[EndTime "12:14:31 PST"]
[Termination "zverr1 won by resignation"]

1. d4 Nf6 2. c4 g6 3. Nc3 Bg7 4. e4 d6 5. Nf3 O-O 6. Be2 e5 7. dxe5 dxe5 8. Qxd8 Rxd8 9. Bg5 c6 10. Nxe5 Re8 11.
O-O-O Na6 12. f4 Nc5 13. Bf3 a5 14. Rhe1 h6 15. Bxf6 Bxf6 16. Nd3 Bxc3 17. bxc3 Nxd3+ 18. Rxd3 Be6 19. Kb2 Re7 20. c5 b6 21. f5 Bxf5 22. Red1 Be6 23. cxb6 Rb7 24. e5 Rxb6+ 25. Ka1 Kg7 26. Rd6 Rab8 27. Bxc6 Rb2 28. Bd5 Bxd5 29. R6xd5 a4 30. Rf1 R8b7 31. Ra5 Rxg2 32. Rxa4 Rxh2 33. Ra6 h5 34. e6 f5 35. Rd6 Re2 36. Rfd1 Kf6 37. c4 Rxe6 38. c5 h4 39. c6 Rc7 40.
a4 Rxc6 41. R6d4 g5 42. a5 h3 43. Rd8 g4 44. Rh8 Ra6 45. Rd5 Re5 46. Rh6+ Kg5 47. Rxa6 Rxd5 48. Ra8 h2 0-1

[Event "*** Titled Tuesday Blitz"]
[Site "Chess.com"]
[Date "2020.11.24"]
[Round "10"]
[White "GigaQuparadze"]
[Black "hansen"]
[Result "1/2-1/2"]
[WhiteElo "2869"]
[BlackElo "2942"]
[TimeControl "180+1"]
[EndTime "12:14:32 PST"]
[Termination "Game drawn by repetition"]

1. e4 e5 2. Nf3 Nc6 3. Bb5 a6 4. Ba4 Nf6 5. Nc3 Bc5 6. d3 d6 7. Bg5 h6 8. Bh4 g5 9. Bg3 Bg4 10. h3 Bh5 11. Bxc6+ bxc6 12. Qe2 Rb8 13. Nd1 Bg6 14.
c3 Nh5 15. Bh2 O-O 16. O-O a5 17. d4 exd4 18. cxd4 Bb6 19. Nc3 Re8 20. Rfe1 f5 21.
Qc4+ Bf7 22. Qxc6 f4 23. e5 Re6 24. d5 Rg6 25. e6 Be8 26. Qc4 Nf6 27. Ne4 Nxe4 28.
Rxe4 Qf6 29. Qc3 Qf5 30. Rae1 Qxd5 31. Nd4 Rg7 32. e7 Qc5 33. Qxc5 Bxc5 34. Ne6 Rxb2 35. Nxc5 dxc5 36. g3 Rxa2 37. f3 fxg3 38. Bxg3 Rf7 39. R4e3 Rf5 40. Rd1 Kf7 41. Bxc7 a4 42. Be5 Rc2 43.
Ba1 a3 44. Rxa3 Kxe7 45. Re1+ Kf8 46. Ra8 Rxf3 47. Raxe8+ Kf7 48. R8e7+ Kg6 49. R7e6+ Kh5 50. Bg7 Rg3+ 51. Kf1 Rf3+ 52. Kg1 Rg3+ 53. Kf1 Rf3+ 54. Kg1 1/2-1/2

[Event "*** Titled Tuesday Blitz"]
[Site "Chess.com"]
[Date "2020.11.24"]
[Round "10"]
[White "chessdjw"]
[Black "yobdc"]
[Result "1/2-1/2"]
[WhiteElo "2658"]
[BlackElo "2500"]
[TimeControl "180+1"]
[EndTime "12:14:32 PST"]
[Termination "Game drawn by repetition"]

1. d4 Nf6 2. c4 e6 3. Nf3 Bb4+ 4. Nbd2 O-O 5. a3 Be7 6. e4 d6 7. Be2 Nbd7 8. Nb1 e5 9. Nc3 a5 10. Qc2 Re8 11. O-O Bf8 12. Re1 c6 13. Bf1 Qc7 14. b3 g6 15. Bb2 Bg7 16. Rad1 h6 17. g3 exd4 18. Nxd4 Nc5 19. h3 Ne6 20. Nxe6 Bxe6 21. Bg2 Rad8 22. Kh2 h5 23. Ne2 h4 24. Nf4 Bc8 25.
e5 hxg3+ 26. fxg3 dxe5 27. Bxe5 Rxe5 28. Rxd8+ Qxd8 29. Rxe5 Ng4+ 30. hxg4 Bxe5 31. Qe4 Bb2 32. g5 Bxa3 33. Nxg6 fxg6 34. Qxg6+ Kf8 35. Qh6+ Ke7 36. Qg7+ Kd6 37. g6 Be6 38. Qd4+ Kc7 39. Qe5+ Qd6 40.
Qxa5+ Kb8 41. g7 Bc5 42. Qe1 Bg8 43. Qe8+ Ka7 44. Qxg8 Qh6+ 45. Bh3 Qd2+ 46. Bg2 Qh6+ 47. Bh3 Qd2+ 48. Bg2 Qh6+ 1/2-1/2

[Event "*** Titled Tuesday Blitz"]
[Site "Chess.com"]
[Date "2020.11.24"]
[Round "10"]
[White "Sueetin"]
[Black "annacramling"]
[Result "1-0"]
[WhiteElo "2281"]
[BlackElo "2076"]
[TimeControl "180+1"]
[EndTime "12:14:32 PST"]
[Termination "Sueetin won by checkmate"]

1. e4 c5 2. Nf3 e6 3. d4 cxd4 4. Nxd4 Nf6 5. Nc3 Nc6 6. Be3 Bb4 7. Nxc6 bxc6 8. e5 Nd5 9. Bd2 Nxc3 10. bxc3 Bc5 11. Qg4 Qb6 12. Qg3 Qb2 13. Rc1 Qxa2 14. Qxg7 Rf8 15. Bd3 Ba6 16. Qf6 Bxd3 17. cxd3 Rb8 18.
Rd1 Rb2 19. Qf4 Rb1 20. d4 Rxd1+ 21. Kxd1 Ba3 22. Ke2 Qc4+ 23. Kf3 Qd3+ 24. Qe3 Qxe3+ 25. Bxe3 f6 26. Ra1 fxe5+ 27. Ke4 exd4 28. cxd4 Bd6 29.
Rxa7 Ke7 30. g3 Rg8 31. h4 c5 32. Bg5+ Kf7 33. Rxd7+ Kg6 34. Rxd6 Rf8 35. dxc5 Rxf2 36.
Bf4 Re2+ 37. Kd3 Rg2 38. c6 Rg1 39. c7 Rd1+ 40. Kc2 Rxd6 41. Bxd6 Kf5 42. c8=Q Kg4 43. Qg8+ Kf3 44. Qg5 Kg2 45. Qf4 Kh2 46. g4+ Kg1 47.
Qg3+ Kf1 48. Bc5 Ke2 49. Qf2# 1-0

[Event "*** Titled Tuesday Blitz"]
[Site "Chess.com"]
[Date "2020.11.24"]
[Round "10"]
[White "MPGM"]
[Black "mbachez"]
[Result "1-0"]
[WhiteElo "2633"]
[BlackElo "2448"]
[TimeControl "180+1"]
[EndTime "12:14:33 PST"]
[Termination "MPGM won by resignation"]

1. d4 Nf6 2. c4 c5 3. e3 g6 4. Nf3 Bg7 5. Nc3 O-O 6. Be2 cxd4 7. exd4 d5 8. O-O Nc6 9. h3 b6 10. Re1 Bb7 11. cxd5 Nb4 12. h4 Nbxd5 13. Ne5 Rc8 14. Bd2 e6 15. h5 Nxc3 16. bxc3 Nd5 17. Bf3 Qe7 18. Bxd5 Bxd5 19. h6 Bh8 20. Qg4 Ba8 21. Re3 Qb7 22. Rg3 Rfd8 23. Bg5 Rf8 24. Re1 Rce8 25.
Bd2 Rc8 26. Qh4 f6 27. Ng4 Qf7 28. Rge3 Bd5 29. a3 Rfe8 30. Rg3 Rc6 31. Bf4 Rec8 32. Ree3 Qe7 33. Be5 Rf8 34. Rgf3 Bxf3 35. Rxf3 g5 36. Qh5 fxe5 37. Rg3 Rf5 38. Ne3 exd4 39. Nxf5 exf5 40. Rxg5+ Kf8 41. Rxf5+ Rf6 42. Re5 Re6 43. Qf5+ Rf6 44.
Qc8+ Kf7 45. Rxe7+ Kxe7 46. Qxh8 d3 47. Qg7+ Rf7 48.
Qe5+ 1-0

[Event "*** Titled Tuesday Blitz"]
[Site "Chess.com"]
[Date "2020.11.24"]
[Round "10"]
[White "ChainsOfFantasia"]
[Black "QuintilianoR"]
[Result "0-1"]
[WhiteElo "2477"]
[BlackElo "2654"]
[TimeControl "180+1"]
[EndTime "12:14:33 PST"]
[Termination "QuintilianoR won on time"]

1. d4 Nf6 2. Nf3 e6 3. c4 d5 4. g3 Be7 5. Bg2 O-O 6. Nc3 dxc4 7. Ne5 c5 8. dxc5 Qxd1+ 9. Nxd1 Bxc5 10. Be3 Bxe3 11. Nxe3 Nc6 12. Nxc6 bxc6 13. Nxc4 Rb8 14. Rc1 c5 15. O-O Ba6 16. b3 Nd5 17. Rfd1 Nb4 18. Rd2 Rfd8 19. a3 Nd5 20. Na5 Rb5 21. Nc6 Re8 22.
Bxd5 exd5 23. Rxd5 Rxb3 24. Rcxc5 Rxa3 25. Ra5 Rxa5 26. Rxa5 Bxe2 27. f4 a6 28. Kf2 Bb5 29. Nb4 Re6 30. f5 Rf6 31. g4 g6 32. Kg3 gxf5 33. Nd5 Rd6 34. Ne7+ Kf8 35. Nxf5 Rd3+ 36. Kf4 Rd2 37. h4 Rc2 38. Ra3 f6 39. g5 Rc4+ 40.
Kg3 fxg5 41. hxg5 Rc5 42. Kf4 Rc4+ 43. Ke5 Bd7 44. Nd6 Ra4 45. Rb3 Ra5+ 46. Kf6 Bb5 47.
Rc3 Bd7 48. Rc7 Bh3 49. Ra7 Rc5 50. Ra8+ Bc8 51. Nxc8 Ke8 0-1

[Event "*** Titled Tuesday Blitz"]
[Site "Chess.com"]
[Date "2020.11.24"]
[Round "10"]
[White "YoungMegaMind"]
[Black "Das_Virus_2020"]
[Result "1-0"]
[WhiteElo "2307"]
[BlackElo "2465"]
[TimeControl "180+1"]
[EndTime "12:14:33 PST"]
[Termination "YoungMegaMind won on time"]

1. d4 Nf6 2. c4 c5 3. d5 b5 4. cxb5 a6 5. bxa6 g6 6. Nc3 Bxa6 7. Nf3 d6 8. e4 Bxf1 9. Kxf1 Nbd7 10. g3 Bg7 11.
Kg2 O-O 12. Qc2 Qb6 13. a4 Rfb8 14. Ra3 Ne8 15. Nd2 Nc7 16. Nc4 Qa6 17. b3 Ne5 18. Nxe5 Bxe5 19. Bd2 Nb5 20. Nxb5 Rxb5 21. a5 Rab8 22.
Rb1 R5b7 23. Ra4 Qb5 24. b4 c4 25. a6 Ra7 26. Ra5 Qd7 27. Qxc4 Rc8 28. Qd3 Qc7 29. b5 Qb6 30. Ra3 Bd4 31. Be3 Bc5 32. Bxc5 Rxc5 33. Rab3 f6 34. h4 Kg7 35. Qf3 h5 36. Qe3 Ra8 37.
Qd4 Ra7 38. Rb4 Ra8 39. R1b2 Ra7 40. Kh3 Ra8 41. f4 Ra7 42. e5 dxe5 43. fxe5 Kh7 44.
exf6 exf6 45. d6 Rd7 46. Rd2 g5 47. Qxf6 Rxb5 48. Rxb5 Qxb5 49. Qxg5 Qxa6 50. Qxh5+ 1-0

[Event "*** Titled Tuesday Blitz"]
[Site "Chess.com"]
[Date "2020.11.24"]
[Round "10"]
[White "Vladislav_Chizhikov"]
[Black "MattyDPerrine"]
[Result "1/2-1/2"]
[WhiteElo "2521"]
[BlackElo "2396"]
[TimeControl "180+1"]
[EndTime "12:14:34 PST"]
[Termination "Game drawn by agreement"]

1. e4 c5 2. Nf3 e6 3. b3 a6 4. Bb2 Nc6 5. c4 Nf6 6. Nc3 e5 7. Bd3 g6 8. Rc1 Bg7 9. Nd5 d6 10. h4 Bg4 11. a3 O-O 12. Kf1 Nxd5 13. cxd5 Ne7 14. b4 cxb4 15. axb4 f5 16. Qb3 Qb6 17. Kg1 fxe4 18. Bxe4 Rf4 19. d3 Raf8 20.
Rc2 Bxf3 21. gxf3 Rxf3 22. Bxf3 Rxf3 23. Qc4 h5 24. Bc1 Nf5 25. Bg5 Rg3+ 26. Kh2 Rg4 27.
Qc8+ Kh7 28. Rb1 Nd4 29. Rc7 Nf3+ 30. Kh1 Nxg5 31. Rxg7+ Kxg7 32. hxg5 Qxf2 33. Qxb7+ Kg8 34. Qc8+ Kg7 35. Qc7+ Kg8 36. Qc8+ Kg7 37. Qc7+ Qf7 38. Rc1 Rh4+ 39. Kg2 Rg4+ 40. Kh3 Rxg5 41. Qxf7+ Kxf7 42.
Rc7+ Ke8 43. Rc6 Rg4 44. Rxd6 Rxb4 45. Rxg6 Rd4 46. Rxa6 Rxd3+ 47. Kh4 Rxd5 48. Kxh5 Ke7 49. Kg4 Rd6 50. Rxd6 Kxd6 51. Kf3 Kc5 1/2-1/2

[Event "*** Titled Tuesday Blitz"]
[Site "Chess.com"]
[Date "2020.11.24"]
[Round "10"]
[White "CzechmVIII"]
[Black "TC2304"]
[Result "1/2-1/2"]
[WhiteElo "2146"]
[BlackElo "2313"]
[TimeControl "180+1"]
[EndTime "12:14:34 PST"]
[Termination "Game drawn by stalemate"]

1. e4 c5 2. Nf3 d6 3. d4 cxd4 4. Nxd4 Nf6 5. Nc3 a6 6. Bg5 e6 7. f4 Nbd7 8. Qf3 Qc7 9. O-O-O b5 10. e5 Bb7 11. Qh3 dxe5 12. Nxe6 fxe6 13. Qxe6+ Be7 14. Bxb5 axb5 15. Nxb5 Qc6 16. Nd6+ Kd8 17. Nf7+ Kc7 18. Qxc6+ Bxc6 19. Nxh8 Rxh8 20. fxe5 Nxe5 21. Rhe1 Bd6 22.
Bf4 Re8 23. Kb1 Nd5 24. Bg3 Re7 25. Re2 Nf6 26. Rde1 Nfd7 27. c4 Kb6 28. b4 Bxb4 29.
Rxe5 Nxe5 30. Rxe5 Rf7 31. Kc2 Bd6 32. Rg5 Bxg3 33.
Rxg3 Rf2+ 34. Kb3 Rxg2 35. Rxg2 Bxg2 36. h4 Kc5 37. Kc3 Bf1 38. a4 Bxc4 39. Kd2 Kd5 40. Ke3 Ke5 41. Kf3 Kf5 42. Kg3 h5 43. a5 Bb5 44. Kh3 Kf4 45. Kh2 Kg4 46. Kg2 Kxh4 47.
Kh2 Kg4 48. Kg2 g5 49. Kh2 h4 50. Kg2 h3+ 51. Kh2 Bc4 52. Kg1 Kg3 53. a6 Bxa6 54.
Kh1 h2 1/2-1/2

[Event "*** Titled Tuesday Blitz"]
[Site "Chess.com"]
[Date "2020.11.24"]
[Round "10"]
[White "Grieve72"]
[Black "oskariot"]
[Result "1-0"]
[WhiteElo "2450"]
[BlackElo "2618"]
[TimeControl "180+1"]
[EndTime "12:14:35 PST"]
[Termination "Grieve72 won by resignation"]

1. d4 e5 2. dxe5 Bc5 3. Nf3 d6 4. Nc3 Ne7 5. Bf4 Nbc6 6. exd6 cxd6 7. e4 O-O 8. Bc4 Ng6 9. Bg3 Be6 10. Bd5 Bb4 11.
O-O Bxc3 12. bxc3 Nge5 13. Nxe5 dxe5 14. Bxe6 fxe6 15. Qg4 Qe7 16. Rfd1 h6 17. Rd3 Rad8 18. Rad1 Rxd3 19. Rxd3 Re8 20. h4 Qf7 21. h5 Kh7 22. Rf3 Qd7 23. Qg6+ Kg8 24. Bh4 Rf8 25. Rxf8+ Kxf8 26.
g4 Na5 27. g5 Qd1+ 28. Kh2 Qg4 29. Bg3 Qxg5 30. Qxg5 hxg5 31. Bxe5 Nc4 32. Bd4 b6 33. f3 Na3 34. Kg3 Nxc2 35. Be5 Ne3 36. Bd4 Nc4 37. Kg4 Kf7 38. Kxg5 Nd2 39. Kg4 Nc4 40. f4 a5 41. Kf3 b5 42. f5 exf5 43. exf5 Na3 44. Ke4 Nc2 45. Be5 b4 46. cxb4 Nxb4 47. a4 Nc6 48. Bc3 Ne7 49. Bxa5 Ng8 50. Bc3 Ne7 51.
a5 Nc6 52. a6 Na7 53. Bd4 Nb5 54.
a7 Nxa7 55. Bxa7 1-0

[Event "*** Titled Tuesday Blitz"]
[Site "Chess.com"]
[Date "2020.11.24"]
[Round "10"]
[White "PowerThinking2650"]
[Black "vinniethepooh"]
[Result "1/2-1/2"]
[WhiteElo "2407"]
[BlackElo "2616"]
[TimeControl "180+1"]
[EndTime "12:14:36 PST"]
[Termination "Game drawn by repetition"]

1. e4 c5 2. Nf3 d6 3. d4 cxd4 4. Nxd4 Nf6 5. Nc3 a6 6. Bc4 e6 7.
O-O b5 8. Bb3 Be7 9. Qf3 Qb6 10.
Be3 Qb7 11. Qg3 Nbd7 12. f3 b4 13. Nce2 Nc5 14. Rad1 Bd7 15. Bg5 a5 16. Bc4 Rc8 17.
b3 h6 18. Be3 Kf8 19. c3 d5 20.
exd5 exd5 21. Bd3 bxc3 22. Nxc3 Nxd3 23. Rxd3 Qc7 24. Bf4 Qb6 25. Be5 Be6 26. Re1 Nh5 27. Qf2 Bf6 28. Bxf6 Qc7 29. Be5 Qd7 30. Nxe6+ fxe6 31. Ne2 Nf6 32. Nd4 Kf7 33. Bxf6 gxf6 34. Nxe6 Rhe8 35. Rde3 d4 36. Re4 d3 37. Qg3 Rxe6 38.
Rxe6 d2 39. Re7+ Qxe7 40. Rxe7+ Kxe7 41. Qg7+ Ke6 42. Qg4+ f5 43. Qg6+ Ke7 44. Qg7+ Ke6 45. Qg6+ Ke5 46. Qg7+ Ke6 47. Qg6+ 1/2-1/2

[Event "*** Titled Tuesday Blitz"]
[Site "Chess.com"]
[Date "2020.11.24"]
[Round "10"]
[White "mortngabriel"]
[Black "vova-79"]
[Result "1/2-1/2"]
[WhiteElo "2369"]
[BlackElo "2485"]
[TimeControl "180+1"]
[EndTime "12:14:36 PST"]
[Termination "Game drawn by repetition"]

1. d4 d5 2. c4 e6 3. g3 dxc4 4. Bg2 Nf6 5. Nf3 c5 6. O-O Nc6 7.
dxc5 Qxd1 8. Rxd1 Bxc5 9. Nbd2 c3 10. bxc3 Bd7 11. Nb3 Be7 12. c4 O-O 13. Bb2 Rfd8 14.
Nfd4 Rac8 15. Nb5 Be8 16. c5 Nd5 17. e4 Ndb4 18. a3 Na6 19. Nd6 Rb8 20. Nxe8 Rxe8 21. Rac1 Red8 22. Rxd8+ Rxd8 23. Bf1 Nc7 24. f4 Bf6 25. Bxf6 gxf6 26. Kf2 Kf8 27. Ke3 Ke7 28. Rb1 Rb8 29. Nd2 b6 30. cxb6 Rxb6 31. Rc1 Ne8 32.
Rc3 Na5 33. e5 fxe5 34. fxe5 Nc6 35. Ke4 Na5 36. Nc4 Nxc4 37. Rxc4 Rb1 38. Bd3 Re1+ 39. Kd4 Kd7 40. Ra4 Nc7 41. Rxa7 Rh1 42. Bb5+ Kc8 43.
Bc6 Rxh2 44. Kc5 Rc2+ 45. Kd6 Rd2+ 46. Ke7 Rc2 47. Kd6 Rd2+ 48. Ke7 Rc2 49. Kd6 1/2-1/2

[Event "*** Titled Tuesday Blitz"]
[Site "Chess.com"]
[Date "2020.11.24"]
[Round "10"]
[White "Bathory44"]
[Black "Harsha_Bharathakoti"]
[Result "0-1"]
[WhiteElo "2568"]
[BlackElo "2725"]
[TimeControl "180+1"]
[EndTime "12:14:37 PST"]
[Termination "Harsha_Bharathakoti won on time"]

1. e4 c6 2. c4 d5 3. cxd5 cxd5 4. exd5 Nf6 5. Qa4+ Nbd7 6. Nc3 g6 7. Nf3 Bg7 8.
Bc4 O-O 9. d3 a6 10. Qa3 Nb6 11. Qb3 Qd6 12. Be3 Nbd7 13. Ne4 Nxe4 14. dxe4 Nc5 15.
Bxc5 Qxc5 16. O-O Bg4 17. Be2 Bxf3 18. Bxf3 Rfc8 19. Qxb7 Rab8 20. Qxa6 Rxb2 21. Rab1 Rc2 22. a4 Bd4 23. Qb5 Bxf2+ 24. Kh1 Qd6 25. a5 Ba7 26. e5 Qxe5 27. Rbe1 Qd6 28. Qa4 R2c4 29. Qa1 Bb8 30. g3 Rc2 31. Re2 Rxe2 32. Bxe2 Rc2 33. Qd1 Ra2 34. Rf3 Rxa5 35. Qf1 f6 36. Bc4 Kg7 37.
Re3 Qc5 38. Qe2 Bd6 39. Kg2 Ra1 40. Bb3 Rc1 41. Kh3 h5 42. Kg2 Qd4 43. Kh3 Kf7 44. Kg2 f5 45. Rxe7+ Kf8 46. Re8+ Kg7 47. Re7+ Bxe7 48.
Qxe7+ Kh6 0-1

[Event "*** Titled Tuesday Blitz"]
[Site "Chess.com"]
[Date "2020.11.24"]
[Round "10"]
[White "A-S-00"]
[Black "Nuvas"]
[Result "0-1"]
[WhiteElo "2300"]
[BlackElo "2428"]
[TimeControl "180+1"]
[EndTime "12:14:38 PST"]
[Termination "Nuvas won on time"]

1. e4 c5 2. Nf3 d6 3. d4 cxd4 4.
Nxd4 Nf6 5. Nc3 a6 6. g3 e5 7. Nb3 Nbd7 8. Bg2 b5 9. a3 Bb7 10. O-O Be7 11. Be3 O-O 12. f4 Rc8 13. Qe2 Re8 14. Rad1 exf4 15. gxf4 Bf8 16. Qd3 Qe7 17.
Rfe1 Nxe4 18. Bc1 f5 19. Nd4 Qh4 20. Rf1 Ndc5 21. Qh3 Qxh3 22. Bxh3 Nxc3 23. bxc3 g6 24. Rfe1 Ne4 25. Bg2 Rxc3 26. Rd2 Rec8 27. Rd3 d5 28. Bb2 R3c4 29. Ne6 Rxc2 30. Bd4 Bd6 31. Bh3 Rc1 32.
Rdd1 Rxd1 33. Rxd1 Kf7 34. Ng5+ Nxg5 35. fxg5 Rc2 36.
Bg2 Bc5 37. Bxc5 Rxc5 38. Kf2 Ke6 39. Re1+ Kd7 40. Kg3 Rc3+ 41. Kf4 Rxa3 42. Ke5 Ke7 43. Rc1 Kd7 44. Kf6 Re3 45. Kg7 Re7+ 46. Kh6 b4 47. h3 a5 48. Rc5 a4 49. Rb5 Bc6 50. Rxb4 Kd6 0-1